 Dungeon Crawl Stone Soup version 0.23.2-30-g0e89c35649 (webtiles) character file.

Game seed: 10588641864715298431

569705 Matador8 the Warrior (level 26, -27/191 HPs)
             Began as a Gargoyle Earth Elementalist on June 21, 2019.
             Was a High Priest of Dithmenos.
             Killed from afar by a Brimstone Fiend (34 damage)
             ... with damnation
             ... on level 5 of the Realm of Zot on June 23, 2019.
             The game lasted 11:49:03 (71289 turns).

Matador8 the Warrior (Gargoyle Earth Elementalist) Turns: 71289, Time: 11:49:04

Health: -27/191    AC: 42    Str: 23 (24) XL:     26   Next: 92%
Magic:  52/52      EV: 14    Int: 33 (34) God:    Dithmenos [*****.]
Gold:   3329       SH:  7    Dex:  5      Spells: 11/55 levels left

rFire    + + +     SeeInvis .   A - +9 demon blade (slice)
rCold    + . .     Gourm    .   O - +3 buckler {rF+}
rNeg     + . .     Faith    .   K - +1 faerie dragon scales {rPois rCorr Int+5 Dex-3 Stlth+}
rPois    ∞         Spirit   .   V - +3 hat of Pondering {ponderous, MR+ MP+10 Int+5}
rElec    +         Reflect  .   a - +2 cloak of Yesterday {Str+3 Slay+2}
rCorr    +         Harm     .   z - +2 pair of gloves {Str+3}
MR       ++...     Rnd*Tele +   k - +2 pair of boots {run}
Stlth    ++........             u - amulet of rage
HPRegen  0.41/turn              P - +4 ring of slaying
MPRegen  0.33/turn              b - ring of protection from fire

@: resistant, wreathed by umbra
A: antennae 1, big wings, beak, molten scales 1, blurry vision 1, clumsy 1,
deterioration 1, negative energy resistance 1, sense surroundings 1, robust 1,
electricity resistance, strong 1, teleportitis 1, unbreathing, petrification
resistance, rot immunity, subdued magic 1, sturdy frame 1, AC +20
0: Orb of Zot
}: 3/15 runes: decaying, silver, gossamer
a: Fly, Shadow Step, Shadow Form, Renounce Religion, Evoke Berserk Rage


You were on level 5 of the Realm of Zot.
You worshipped Dithmenos.
Dithmenos was extremely pleased with you.
You were not hungry.

You visited 8 branches of the dungeon, and saw 46 of its levels.
You visited 1 bazaar.

You collected 5649 gold pieces.
You spent 2320 gold pieces at shops.

Inventory:

Hand Weapons
 A - a +9 demon blade of slicing (weapon)
Missiles
 q - 810 stones (quivered)
Armour
 a - the +2 cloak of Yesterday (worn) {Str+3 Slay+2}
   (You found it on level 14 of the Dungeon)

   It affects your strength (+3).
   It affects your accuracy and damage with ranged weapons and melee attacks
   (+2).
 g - a +2 ring mail of fire resistance
 k - a +2 pair of boots of running (worn)
 y - a scarf of resistance
 z - a +2 pair of gloves of strength (worn)
 K - the +1 faerie dragon scales (worn) {rPois rCorr Int+5 Dex-3 Stlth+}
   (You took it off the Enchantress on level 2 of the Depths)

   It affects your intelligence (+5).
   It affects your dexterity (-3).
   It protects you from poison.
   It provides partial protection from all sources of acid and corrosion.
   It makes you more stealthy.
 O - a +3 buckler of fire resistance (worn)
 V - the +3 hat of Pondering (worn) {ponderous, MR+ MP+10 Int+5}
   (You found it on level 1 of the Orcish Mines)

   It affects your intelligence (+5).
   It affects your resistance to hostile enchantments.
   It affects your magic capacity (+10).
 X - the +2 robe of Vines {NoPotionHeal Regen+7}
   (You found it on level 4 of the Dungeon)

   It increases your rate of regeneration.
Jewellery
 b - a ring of protection from fire (right hand)
 c - an uncursed ring of protection from magic
 f - a +6 ring of strength
 i - a +5 amulet of reflection
 u - an amulet of rage (around neck)
 w - an uncursed ring of wizardry
 x - an uncursed ring of protection from cold
 P - a +4 ring of slaying (left hand)
 U - an uncursed ring of positive energy
Wands
 G - a wand of digging (1)
Scrolls
 e - 9 scrolls of teleportation
 m - a scroll of silence
 o - 3 scrolls of magic mapping
 p - 2 scrolls of torment
 t - 2 scrolls of brand weapon
 v - 8 scrolls of fog
 C - 3 scrolls of blinking
 E - 5 scrolls of identify
 H - a scroll of holy word
 J - 2 scrolls of enchant weapon
 M - 5 scrolls of fear
 Q - 2 scrolls of immolation
 W - 3 scrolls of enchant armour
 Y - a scroll of summoning
 Z - 18 scrolls of remove curse
Potions
 r - 12 potions of curing
 s - 7 potions of agility
 B - a potion of heal wounds
 I - a potion of ambrosia
 N - 5 potions of cancellation
 S - a potion of might
 T - 4 potions of invisibility
Comestibles
 d - 32 rations


   Skills:
 + Level 20.1 Fighting
 - Level 14.0 Long Blades
 - Level 4.0 Armour
 - Level 10.6 Dodging
 - Level 6.3 Stealth
 - Level 4.0 Shields
 - Level 15.3 Spellcasting
 - Level 16.5 Conjurations
 - Level 10.7 Hexes
 - Level 10.8 Charms
 - Level 10.0 Necromancy
 - Level 3.6 Translocations
 - Level 2.1 Transmutations
 - Level 5.0 Fire Magic
 - Level 5.5 Air Magic
 - Level 19.1 Earth Magic
 - Level 6.0 Poison Magic
 - Level 13.0 Invocations
 * Level 9.5 Evocations


You had 11 spell levels left.
You knew the following spells:

 Your Spells              Type           Power        Failure   Level  Hunger
a - Sandblast             Erth           ######       0%          1    None
b - Passwall              Tmut/Erth      ######..     0%          2    None
c - Stone Arrow           Conj/Erth      ######       0%          3    None
d - Conjure Flame         Conj/Fire      ######..     1%          3    None
e - Lee's Rapid Deconstr  Erth           #######...   0%          5    None
f - Mephitic Cloud        Conj/Pois/Air  ######..     1%          3    None
g - Iron Shot             Conj/Erth      #######...   1%          6    ##.....
h - Passage of Golubria   Tloc           N/A          3%          4    None
i - Invisibility          Hex            ######..     2%          6    ##.....
j - Regeneration          Chrm/Necr      ######....   1%          3    None
k - Bolt of Draining      Conj/Necr      ######....   1%          5    None
l - Apportation           Tloc           #####.       1%          1    None
m - Swiftness             Chrm/Air       ######..     1%          2    None

Your spell library contained the following spells:

 Spells                   Type           Power        Failure   Level  Hunger
 Animate Skeleton         Necr           N/A          0%          1    None
 Confusing Touch          Hex            ######       0%          1    None
 Corona                   Hex            ######.      0%          1    None
 Flame Tongue             Conj/Fire      #####        0%          1    None
 Infusion                 Chrm           ####         0%          1    None
 Magic Dart               Conj           ####         0%          1    None
 Pain                     Necr           ####         0%          1    None
 Shock                    Conj/Air       ####         0%          1    None
 Sting                    Conj/Pois      ####         0%          1    None
 Searing Ray              Conj           ######       0%          2    None
 Slow                     Hex            ######..     0%          2    None
 Song of Slaying          Chrm           ######..     0%          2    None
 Throw Flame              Conj/Fire      ######       0%          2    None
 Dazzling Spray           Conj/Hex       ######       0%          3    None
 Iskenderun's Mystic Bla  Conj           #######.     0%          4    None
 Summon Small Mammal      Summ           ###.         1%          1    None
 Blink                    Tloc           N/A          1%          2    None
 Call Imp                 Summ           ###.....     1%          2    None
 Ensorcelled Hibernation  Hex/Ice        #####.       1%          2    None
 Poisonous Vapours        Pois/Air       #####.       1%          2    None
 Shroud of Golubria       Chrm/Tloc      ######....   1%          2    None
 Confuse                  Hex            ######..     1%          3    None
 Ignite Poison            Fire/Tmut/Pois #####...     1%          3    None
 Inner Flame              Hex/Fire       ######..     1%          3    None
 Portal Projectile        Hex/Tloc       ######       1%          3    None
 Recall                   Summ/Tloc      N/A          1%          3    None
 Spectral Weapon          Hex/Chrm       ######..     1%          3    None
 Spider Form              Tmut/Pois      #####.....   1%          3    None
 Static Discharge         Conj/Air       ######..     1%          3    None
 Tukima's Dance           Hex            ######..     1%          3    None
 Vampiric Draining        Necr           ######....   1%          3    None
 Airstrike                Air            #####.....   1%          4    None
 Animate Dead             Necr           N/A          1%          4    None
 Cause Fear               Hex            ######....   1%          4    None
 Force Lance              Conj/Tloc      ######..     1%          4    None
 Fulminant Prism          Conj/Hex       ######....   1%          4    None
 Leda's Liquefaction      Hex/Erth       #######...   1%          4    None
 Olgreb's Toxic Radiance  Pois           #####...     1%          4    None
 Petrify                  Tmut/Erth      ######..     1%          4    None
 Sticky Flame             Conj/Fire      ######..     1%          4    None
 Bolt of Magma            Conj/Fire/Erth ######....   1%          5    None
 Borgnjor's Vile Clutch   Necr/Erth      #######...   1%          5    None
 Iskenderun's Battlesphe  Conj/Chrm      ######..     1%          5    None
 Lightning Bolt           Conj/Air       ######....   1%          5    None
 Silence                  Hex/Air        ######....   1%          5    None
 Venom Bolt               Conj/Pois      ######....   1%          5    None
 Orb of Destruction       Conj           #######...   1%          7    ####...
 Bolt of Fire             Conj/Fire      ######....   2%          6    ##.....
 Conjure Ball Lightning   Conj/Air       ######....   2%          6    ##.....
 Darkness                 Hex            ######....   2%          6    ##.....
 Death Channel            Necr           ######....   3%          6    ##.....
 Summon Lightning Spire   Summ/Air       ####....     4%          4    None
 Deflect Missiles         Chrm/Air       ######....   8%          6    ##.....
 Summon Ice Beast         Ice/Summ       ###.....     14%         4    None
 Summon Forest            Summ/Tloc      ####......   21%         5    None
 Simulacrum               Ice/Necr       #####.....   30%         6    ##.....
 Spellforged Servitor     Conj/Summ      ######....   41%         7    ####...
 Ring of Flames           Chrm/Fire      ######....   45%         7    ####...
 Shatter                  Erth           #######...   52%         9    #######
 Tornado                  Air            #####.....   100%        9    #######
 Statue Form              Tmut/Erth      Unusable     N/A         6    N/A

Dungeon Overview and Level Annotations

Branches:
Dungeon (15/15)            Temple (0/1) D:4            Lair (6/6) D:10
  Swamp (4/4) Lair:4       Spider (4/4) Lair:4        Slime (0/5) Lair:5
    Orc (2/2) D:10            Elf (0/3) Orc:2        Vaults (5/5) D:13
  Crypt (0/3) Vaults:3     Depths (5/5) D:15            Zot (5/5) Depths:5

Altars:
Dithmenos
Gozag
Kikubaaqudgha
Makhleb
Nemelex Xobeh
Qazlal
Ru
Sif Muna
Trog
Wu Jian
Xom
Yredelemnul
Zin
The Shining One
Beogh

Shops:
Orc:2 ::%[   Vaults:1 [   Vaults:2 %   Depths:4 [

Portals:
Hell: Depths:1 Depths:2 Depths:3 Depths:4 Depths:5
Abyss: Depths:1 Depths:2 Depths:4
Pandemonium: Depths:1 Depths:3 Depths:5
Ziggurat: Depths:1

Annotations:
Lair:5 exclusion: oklob plant
Swamp:3 exclusion: 2 oklob plants
Vaults:2 3 runed translucent doors, hyperkahler's ghost, veteran MiFi
Zot:3 1 transporter, Cyqimiab's ghost, legendary MfGl


Innate Abilities, Weirdness & Mutations

You are resistant to torment.
Your stone body is resilient. (AC +20)
You are immune to poison.
Your large and strong wings let you fly indefinitely.
You resist negative energy. (rN+)
You are resistant to electric shocks. (rElec)
You can survive without breathing.
You are immune to petrification.
You are immune to rotting.
You have a pair of small antennae on your head.
You have a beak for a mouth.
You are partially covered in molten scales. (AC +2)
Scrolls take you a little longer to read.
You are clumsy. (Dex -2)
Your body sometimes deteriorates upon taking damage.
You passively map a small area around you.
You are robust. (+10% HP)
Your muscles are strong. (Str +2)
You are occasionally teleported next to monsters.
Your spells are a little easier to cast, but a little less powerful.
Your movements are slightly less encumbered by armour. (ER -2)


Message History

Your body deteriorates!
You feel weakened.
Press: ? - help, v - describe, . - travel, g - get item
Here: a Brimstone Fiend (moderately wounded, umbra)
A +0 dire flail.
The floor, spattered with blood.
You feel protected. The Brimstone Fiend gestures at you.
The sphere of damnation explodes!
The damnation engulfs you!
The torturous demonspawn disappears!
The Brimstone Fiend gestures at you.
The sphere of damnation explodes!
The damnation engulfs you!!!
* * * LOW HITPOINT WARNING * * *
Your body deteriorates!
You feel dopey. The Brimstone Fiend gestures at you.
The sphere of damnation explodes!
The damnation engulfs you!!!
* * * LOW HITPOINT WARNING * * *
There is a stone staircase leading up here.
The Brimstone Fiend gestures at you.
The sphere of damnation explodes!
The damnation engulfs you!!
You die...

#............##.#.##...........#
#..###...⌠...⌠#.#[##...........#
##..# ##.....!...#.##....:......#
....# #....⌠...1#.##)..........#
##.## #...........)'...........#
##+#######..⌠..#'####...........#
.#..................####'########
.#..........#.......# #..#
⌠#.......(..#...@...# #..#
.#..........#..(....####..#
.#..........#.......+..[..#
.#..........#.......#####)#
<#..........#.......# #.#
.#..........#.......# #.#
.#.⌠........#.......# #.#
.#..........#.......# #.#
.#..........#.......# #.#


You could see a Brimstone Fiend.

Vanquished Creatures
  10 orbs of fire (Zot:5)
  4 ancient liches (Zot:5)
  Sojobo (Depths:1)
  Frederick (Depths:5)
  10 caustic shrikes (Depths:5)
  6 golden dragons
  Nikola (Spider:1)
  Jory (Depths:5)
  3 bone dragons (Depths:5)
  the Enchantress (Depths:2)
  Arachne (Spider:3)
  2 electric golems (Zot:5)
  8 tentacled monstrosities
  3 liches
  Jorgrun (Swamp:2)
  23 Orb Guardians
  3 quicksilver dragons
  A titan (Depths:3)
  2 sphinxes (Depths:3)
  4 death cobs
  3 thorn hunters
  10 storm dragons
  8 tengu reavers
  Donald (Spider:1)
  Kirke (Swamp:1)
  3 shadow dragons
  5 fire giants
  3 draconian monks
  6 frost giants
  Aizul (Swamp:3)
  2 deep elf sorcerers
  A draconian knight (Zot:5)
  A ghoul (Vaults:1)
  12 vault wardens
  A deep elf elementalist (Vaults:5)
  A draconian scorcher (Depths:5)
  2 iron dragons (Depths:3)
  7 ghost moths
  3 orc warlords
  A draconian stormcaller (Depths:5)
  6 caustic shrike skeletons (Depths:2)
  A draconian shifter (Zot:5)
  2 emperor scorpions
  2 draconian annihilators
  10 spriggan defenders
  The ghost of Grendash the Protected, a journeyman MiFi of the Shining One (D:14)
  3 entropy weavers
  A juggernaut skeleton (Depths:3)
  16 very ugly things
  13 ironheart preservers
  13 stone giants
  5 green draconians
  2 vampire knights
  4 deep elf demonologists
  4 red draconians
  2 black draconians
  6 spark wasps
  A white draconian (Zot:5)
  Azrael (Lair:4)
  3 deep elf annihilators
  3 deep elf death magi
  4 purple draconians
  10 yellow draconians
  9 ettins
  12 fire dragons
  6 jiangshi
  15 yaktaur captains
  A deep elf high priest (Vaults:4)
  4 rakshasas
  5 great orbs of eyes
  27 hydras
  14 ice dragons
  A hell beast (Depths:1)
  7 vault guards
  4 shambling mangroves
  7 spriggan air magi
  5 death knights
  34 two-headed ogres
  2 catoblepae (D:14)
  10 centaur warriors
  11 ogre magi
  7 deep troll earth magi
  Erica (Orc:1)
  4 tengu warriors
  19 alligators
  11 death yaks (Depths:2)
  4 vampire magi
  13 spriggan berserkers
  8 deep troll shamans
  5 orc high priests
  Urug (D:13)
  A hell knight (Depths:3)
  Sonja (D:10)
  A soul eater (Depths:3)
  Nergalle (D:12)
  A sun demon (Depths:1)
  7 deep elf knights
  A titan skeleton (Depths:3)
  The ghost of RatmanManrat the Basher, a novice MiBe of Trog (D:6)
  2 iron trolls
  A sixfirhy (Depths:1)
  2 glowing orange brains
  10 spriggan druids
  A death drake (shapeshifter) (Depths:3)
  2 large abominations (Depths:4)
  A golden dragon zombie (Depths:3)
  The ghost of Matador8 the Spear-Bearer, a novice MfSk of Gozag (D:7)
  4 unseen horrors
  A shadow demon (Depths:1)
  A wizard (Vaults:2)
  4 phantasmal warriors
  34 deep trolls
  3 flayed ghosts
  20 harpies
  An infernal demonspawn (Depths:1)
  12 ironbrand convokers
  12 swamp dragons
  7 deep elf archers
  A lindwurm (shapeshifter) (Depths:3)
  6 necromancers
  An orb spider (shapeshifter) (Depths:2)
  A mana viper (shapeshifter) (Vaults:1)
  16 orb spiders
  18 orc knights
  8 cyclopes
  10 orc sorcerers
  53 wolf spiders
  10 deep elf magi
  A wolf spider (shapeshifter) (Vaults:3)
  A shadow dragon skeleton (Depths:3)
  54 ugly things
  A moth of wrath (shapeshifter) (Depths:4)
  2 manticores
  15 vault sentinels
  2 human zombies
  6 black mambas
  An iron dragon skeleton (Depths:3)
  2 rust devils (Depths:1)
  3 centaur zombies
  15 moths of wrath
  25 spiny frogs
  6 elephants
  A water nymph (shapeshifter) (D:10)
  A smoke demon (Depths:3)
  2 gargoyles
  3 rime drakes
  5 torpor snails
  A rime drake (shapeshifter) (Vaults:2)
  A kobold demonologist (Depths:1)
  A hellion (Depths:3)
  24 yaktaurs
  2 efreet
  5 freezing wraiths
  A komodo dragon (shapeshifter) (D:14)
  8 komodo dragons
  2 tengu conjurers
  3 ice devils
  A red devil (Depths:1)
  15 demonic crawlers
  35 jumping spiders
  54 hornets
  2 queen bees
  2 jumping spiders (shapeshifter)
  2 tengu simulacra (Vaults:4)
  A polar bear (shapeshifter) (Depths:1)
  5 trolls
  13 tyrant leeches
  29 blink frogs
  14 dream sheep
  2 blink frogs (shapeshifter)
  7 bog bodies (Swamp:4)
  A snapping turtle (shapeshifter) (Vaults:1)
  39 slime creatures
  A sphinx simulacrum (Vaults:2)
  A frost giant simulacrum (Vaults:2)
  A raiju (shapeshifter) (Depths:5)
  A hippogriff (shapeshifter) (Vaults:3)
  An ettin zombie (Vaults:2)
  14 hippogriffs
  4 flying skulls (Depths:1)
  A stone giant simulacrum (Vaults:1)
  6 wraiths
  A vampire (D:11)
  54 spriggans
  64 redbacks
  11 wyverns
  4 small abominations (Depths:4)
  2 shadows
  17 tarantellas
  A human (shapeshifter) (D:15)
  49 yaks
  3 fire elementals
  5 basilisks
  3 steam dragons
  A hungry ghost (D:9)
  35 vampire mosquitoes
  6 chaos spawn (Depths:4)
  Menkaure (D:6)
  A yaktaur simulacrum (Vaults:3)
  A swamp worm (shapeshifter) (Depths:3)
  3 insubstantial wisps (Swamp:1)
  12 swamp worms
  7 wargs
  4 acid dragons
  5 hell hounds
  An acid dragon (shapeshifter) (Depths:3)
  14 porcupines
  A floating eye (shapeshifter) (Vaults:2)
  8 water moccasins
  10 swamp drakes
  58 orc warriors
  5 ice beasts
  5 phantoms
  5 sky beasts
  An eye of draining (D:10)
  A black bear (D:6)
  A necrophage (D:11)
  37 ogres
  2 wolves (Lair:2)
  2 human skeletons
  6 boggarts
  19 centaurs
  9 crocodiles
  2 big kobolds (Depths:1)
  30 bullfrogs
  A gnoll sergeant (Orc:2)
  A bullfrog (shapeshifter) (D:10)
  A wyvern zombie (D:11)
  A human simulacrum (Vaults:3)
  A glowing shapeshifter simulacrum (Vaults:2)
  5 scorpions
  44 killer bees
  2 elf simulacra
  14 wights
  3 electric eels
  5 howler monkeys (D:9)
  9 crimson imps
  A lava snake (D:14)
  4 bullfrog zombies
  10 hounds
  5 jellies
  6 centaur skeletons
  35 orc priests
  5 bullfrog skeletons
  6 iguanas
  39 orc wizards
  8 worker ants
  Terence (D:2)
  2 centaur simulacra (D:7)
  A hound zombie (D:7)
  A spectral worker ant (D:7)
  A hound skeleton (D:4)
  Robin (D:2)
  A worker ant zombie (D:6)
  9 gnolls
  15 adders
  A river rat (Lair:3)
  3 shadow imps
  2 oozes
  An adder skeleton (D:10)
  3 adder zombies
  3 worms
  3 dart slugs
  5 leopard geckos
  113 orcs
  3 ball pythons
  3 giant cockroaches
  14 goblins
  11 hobgoblins
  18 jackals
  6 quokkas
  4 bats
  8 frilled lizards
  A jackal skeleton (D:6)
  3 kobolds
  A leopard gecko zombie (D:6)
  7 rats
  A spectral orc (D:3)
  A plant (Depths:2)
2181 creatures vanquished.

Vanquished Creatures (collateral kills)
  A deep troll (Vaults:3)
  A hornet (Depths:2)
2 creatures vanquished.

Vanquished Creatures (others)
  A storm dragon (Zot:2)
  A fire giant (Vaults:5)
  2 stone giants
  2 centaur warriors
  A spriggan berserker (Swamp:4)
  An unseen horror (D:13)
  2 cyclopes (Vaults:1)
  A torpor snail (Spider:3)
  9 yaktaurs
  A tyrant leech (Swamp:1)
  A bog body (Swamp:1)
  2 humans (Swamp:1)
  An acid dragon (D:14)
  2 centaurs
  An orc priest (Orc:1)
  An orc (Vaults:1)
  2 briar patches (Swamp:3)
  A bush (Depths:2)
  11 fungi
  46 plants
89 creatures vanquished.

Grand Total: 2272 creatures vanquished

Notes
Turn   | Place    | Note
-------+----------+-------------------------------------------
     0 | D:1      | Matador8 the Gargoyle Earth Elementalist began the quest
                  | for the Orb.
     0 | D:1      | Reached XP level 1. HP: 10/10 MP: 3/3
    82 | D:1      | Reached XP level 2. HP: 16/16 MP: 0/5
   332 | D:1      | Reached skill level 1 in Fighting
   501 | D:1      | Reached XP level 3. HP: 17/20 MP: 6/6
   625 | D:1      | Learned a level 2 spell: Passwall
  1166 | D:2      | Noticed Robin
  1487 | D:2      | Killed Robin
  1487 | D:2      | Reached XP level 4. HP: 22/26 MP: 3/7
  1591 | D:2      | Noticed Terence
  1637 | D:2      | Reached skill level 5 in Earth Magic
  1642 | D:2      | Killed Terence
  1642 | D:2      | Reached skill level 2 in Fighting
  1723 | D:2      | Learned a level 3 spell: Stone Arrow
  1971 | D:2      | Reached XP level 5. HP: 28/31 MP: 2/9
  1972 | D:2      | Reached skill level 1 in Conjurations
  2059 | D:2      | Found a shadowy altar of Dithmenos.
  2076 | D:2      | Became a worshipper of Dithmenos the Shadowed
  2632 | D:3      | Reached skill level 3 in Fighting
  2632 | D:3      | Reached skill level 1 in Invocations
  2632 | D:3      | Reached XP level 6. HP: 23/37 MP: 6/10
  3329 | D:3      | Found a basalt altar of Yredelemnul.
  3607 | D:4      | Noticed a phantom
  3670 | D:3      | Reached XP level 7. HP: 24/42 MP: 0/11
  3918 | D:4      | Reached * piety under Dithmenos
  3918 | D:4      | Reached skill level 4 in Fighting
  4021 | D:4      | Found a staircase to the Ecumenical Temple.
  4062 | D:4      | Found the +2 robe of Vines {NoPotionHeal Regen+7}
  4111 | D:4      | Reached skill level 1 in Transmutations
  5173 | D:5      | Entered Level 5 of the Dungeon
  5206 | D:5      | Identified Sif Muna's Volume of the Poisonous Blaze
  5364 | D:5      | Reached XP level 8. HP: 45/48 MP: 6/12
  5493 | D:5      | Found a glowing golden altar of the Shining One.
  5638 | D:5      | Reached skill level 1 in Long Blades
  6354 | D:5      | Found a deep blue altar of Sif Muna.
  6450 | D:5      | Found a burning altar of Makhleb.
  6728 | D:6      | Noticed Menkaure
  6764 | D:6      | Killed Menkaure
  6764 | D:6      | Reached ** piety under Dithmenos
  6801 | D:6      | Found a runed translucent gate.
  6807 | D:6      | Noticed RatmanManrat's ghost (novice MiBe)
  6825 | D:6      | Found a runed translucent gate.
  6825 | D:6      | Found a runed translucent gate.
  7106 | D:6      | Reached skill level 5 in Invocations
  7115 | D:6      | Learned a level 3 spell: Conjure Flame
  7203 | D:6      | Reached XP level 9. HP: 53/53 MP: 13/13
  7273 | D:6      | Reached skill level 1 in Fire Magic
  7524 | D:6      | Reached skill level 5 in Long Blades
  7763 | D:6      | Killed RatmanManrat's ghost
  7933 | D:7      | Found a runed translucent gate.
  7933 | D:7      | Found a runed translucent gate.
  7933 | D:7      | Found a runed translucent gate.
  8016 | D:7      | Reached XP level 10. HP: 58/58 MP: 1/14
  8151 | D:7      | Reached *** piety under Dithmenos
  8979 | D:7      | Noticed Matador8's ghost (novice MfSk)
  9052 | D:7      | Killed Matador8's ghost
  9201 | D:8      | Found a stormy altar of Qazlal.
  9394 | D:8      | Learned a level 5 spell: Lee's Rapid Deconstruction
  9440 | D:8      | Noticed a two-headed ogre
  9516 | D:8      | Killed a two-headed ogre
  9702 | D:8      | Found an ancient bone altar of Kikubaaqudgha.
  9799 | D:8      | Reached **** piety under Dithmenos
  9854 | D:8      | Reached XP level 11. HP: 56/62 MP: 17/17
  9912 | D:8      | Found a glowing silver altar of Zin.
  9990 | D:9      | Found a sparkling altar of Nemelex Xobeh.
 10026 | D:9      | Reached skill level 10 in Long Blades
 10151 | D:9      | Reached skill level 5 in Spellcasting
 10700 | D:10     | Entered Level 10 of the Dungeon
 10928 | D:10     | Reached ***** piety under Dithmenos
 10929 | D:10     | Found a staircase to the Lair.
 11146 | D:10     | Found a sacrificial altar of Ru.
 11147 | D:10     | Found a glowing golden altar of the Shining One.
 11147 | D:10     | Found a stormy altar of Qazlal.
 11147 | D:10     | Found an ornate altar of the Wu Jian Council.
 11151 | D:10     | Noticed a manticore
 11154 | D:10     | Noticed a centaur warrior
 11175 | D:10     | Killed a centaur warrior
 11188 | D:10     | Killed a manticore
 11197 | D:10     | Noticed a two-headed ogre
 11215 | D:10     | Killed a two-headed ogre
 11215 | D:10     | Reached XP level 12. HP: 68/68 MP: 0/19
 11394 | D:10     | Found the brooch of Shielding {Reflect SH+8}
 11400 | D:10     | Noticed a six-headed hydra
 11417 | D:10     | Killed a six-headed hydra
 11459 | D:10     | Got a heavily runed tin ring
 11813 | D:10     | Found a staircase to the Orcish Mines.
 12582 | Lair:1   | Entered Level 1 of the Lair of Beasts
 13286 | Lair:2   | Reached skill level 5 in Fighting
 13339 | Lair:2   | Reached skill level 5 in Conjurations
 13662 | Lair:2   | Reached skill level 6 in Fighting
 13703 | Lair:2   | Identified the ring "Gesofifu" {Wiz rElec} (You found it on
                  | level 10 of the Dungeon)
 14036 | Lair:2   | Reached ****** piety under Dithmenos
 14056 | Lair:2   | Reached XP level 13. HP: 75/75 MP: 20/20
 14569 | Lair:3   | Reached skill level 7 in Fighting
 15692 | Lair:4   | Reached skill level 8 in Fighting
 15702 | Lair:4   | Reached skill level 5 in Dodging
 15803 | Lair:4   | Found a hole to the Spider Nest.
 16128 | Lair:4   | Reached skill level 9 in Fighting
 16539 | Lair:4   | Found a staircase to the Swamp.
 17073 | Lair:5   | Reached skill level 10 in Fighting
 17105 | Lair:5   | Learned a level 3 spell: Mephitic Cloud
 17363 | Lair:5   | Found a staircase to the Slime Pits.
 17459 | Lair:6   | Entered Level 6 of the Lair of Beasts
 17477 | Lair:6   | Reached skill level 1 in Poison Magic
 17488 | Lair:6   | Reached skill level 1 in Air Magic
 17530 | Lair:6   | Gained mutation: Your large and strong wings let you fly
                  | indefinitely. [Gargoyle growth]
 17530 | Lair:6   | Reached XP level 14. HP: 72/88 MP: 21/21
 17929 | Lair:6   | Reached skill level 11 in Fighting
 18497 | Lair:6   | Reached skill level 5 in Poison Magic
 18830 | Lair:6   | Identified Sif Muna's Compendium of Captivating Attacks
 19361 | D:10     | Reached skill level 1 in Shields
 19645 | D:11     | Found the +6 shillelagh "Devastator" {shatter}
 20075 | D:11     | Reached skill level 5 in Fire Magic
 20795 | D:12     | Found an opulent altar of Gozag.
 20841 | D:12     | Reached XP level 15. HP: 58/96 MP: 0/23
 21327 | D:12     | Noticed Nergalle
 21334 | D:12     | Killed Nergalle
 21944 | Orc:1    | Entered Level 1 of the Orcish Mines
 21977 | Orc:1    | Noticed Sonja
 21980 | Orc:1    | Noticed an orc warlord
 22008 | D:10     | Killed Sonja
 22041 | Orc:2    | Entered Level 2 of the Orcish Mines
 22231 | D:10     | Killed an orc warlord
 22300 | Orc:1    | You fall through a shaft!
 22652 | Orc:1    | Found a roughly hewn altar of Beogh.
 22769 | Orc:1    | Noticed Erica
 22781 | Orc:1    | Killed Erica
 22892 | Orc:1    | Noticed an orc warlord
 23094 | D:9      | Killed an orc warlord
 23236 | Orc:1    | Noticed an orc warlord
 23316 | D:10     | Killed an orc warlord
 23436 | Orc:1    | Reached skill level 12 in Fighting
 23472 | Orc:1    | Identified the Incunabulum of Blows and Bruises
 23474 | Orc:1    | Identified Sif Muna's Volume of the Creative Mountains
 23492 | Orc:1    | Found the +3 hat of Pondering {ponderous, MR+ MP+10 Int+5}
 23958 | Orc:2    | Found a staircase to the Elven Halls.
 24546 | Orc:2    | Found Quel's Book Shop.
 24546 | Orc:2    | Found Yjoebet's Book Shoppe.
 24552 | Orc:2    | Found Mino's Antique Armour Shoppe.
 24552 | Orc:2    | Found Fytseibeyn's Food Shop.
 24579 | Orc:2    | Bought a book of Power for 540 gold pieces
 25103 | D:13     | Noticed Urug
 25111 | D:13     | Killed Urug
 25176 | D:13     | Reached skill level 10 in Invocations
 25176 | D:13     | Reached XP level 16. HP: 103/103 MP: 28/28
 25294 | D:13     | Identified 2 scrolls of acquirement
 25659 | D:13     | Found a gate to the Vaults.
 25838 | D:14     | Reached skill level 13 in Fighting
 26027 | D:14     | Noticed Grendash's ghost (journeyman MiFi)
 26034 | D:14     | Found a transporter.
 26052 | D:14     | Found a transporter.
 26057 | D:14     | Noticed a storm dragon
 26417 | D:15     | Entered Level 15 of the Dungeon
 26843 | D:15     | Found a bloodstained altar of Trog.
 26917 | D:15     | Identified the +7 dagger of a ziggurat {flame, rPois rF+}
 27131 | D:15     | Found a staircase to the Depths.
 27147 | D:15     | Reached skill level 10 in Earth Magic
 27671 | Swamp:1  | Entered Level 1 of the Swamp
 27781 | Swamp:1  | Noticed Kirke
 27782 | Swamp:1  | You are sucked into a shaft!
 27895 | Swamp:1  | Noticed a thorn hunter
 27904 | Swamp:1  | Killed a thorn hunter
 28110 | Swamp:1  | Killed Kirke
 28174 | Swamp:1  | Found a frozen archway.
 28913 | Swamp:2  | Reached skill level 10 in Conjurations
 29110 | Swamp:2  | Noticed Jorgrun
 29130 | Swamp:2  | Killed Jorgrun
 29286 | Swamp:3  | Found a shimmering altar of Xom.
 29730 | Swamp:2  | Reached XP level 17. HP: 105/109 MP: 29/29
 29859 | Swamp:4  | Entered Level 4 of the Swamp
 29887 | Swamp:3  | Noticed Aizul
 29917 | Swamp:3  | Killed Aizul
 30144 | Swamp:3  | Learned a level 6 spell: Iron Shot
 30762 | Swamp:3  | Identified the cursed +1 dagger of True Grit {freeze, rElec
                  | Str+2 Dex-5}
 31789 | Swamp:4  | Reached skill level 10 in Spellcasting
 32038 | Swamp:4  | Got a decaying rune of Zot
 32466 | Orc:2    | Bought a book of Burglary for 900 gold pieces
 32481 | Orc:2    | Learned a level 4 spell: Passage of Golubria
 32731 | Spider:1 | Entered Level 1 of the Spider Nest
 32787 | Spider:1 | Reached skill level 1 in Translocations
 32824 | Spider:1 | Noticed Azrael
 32860 | Lair:4   | Killed Azrael
 33543 | Spider:1 | Reached skill level 5 in Stealth
 33591 | Spider:1 | Reached XP level 18. HP: 114/114 MP: 32/32
 33874 | Lair:4   | Learned a level 6 spell: Invisibility
 34198 | Lair:4   | Reached skill level 1 in Hexes
 34439 | Spider:1 | Noticed Nikola
 34453 | Spider:1 | Killed Nikola
 34643 | Spider:2 | Noticed Donald
 34801 | Spider:1 | Killed Donald
 34923 | Spider:2 | Reached skill level 5 in Hexes
 35625 | Spider:3 | Noticed Arachne
 35649 | Spider:3 | Killed Arachne
 36422 | Spider:4 | Entered Level 4 of the Spider Nest
 37251 | Spider:4 | Identified a +1 pair of boots of running (You found it on
                  | level 1 of the Swamp)
 38541 | Spider:4 | Reached skill level 10 in Hexes
 39075 | Spider:4 | Reached XP level 19. HP: 119/119 MP: 33/33
 39494 | Spider:4 | Gained mutation: You are weak. (Str -2) [mutagenic glow]
 39965 | Spider:4 | Got a gossamer rune of Zot
 40073 | Spider:4 | Gained mutation: Armour fits poorly on your strangely
                  | shaped body. [mutagenic glow]
 40458 | Spider:4 | Gained mutation: You are dopey. (Int -2) [mutagenic glow]
 40701 | D:10     | Lost mutation: Armour fits poorly on your strangely shaped
                  | body. [potion of mutation]
 40701 | D:10     | Lost mutation: You are weak. (Str -2) [potion of mutation]
 40701 | D:10     | Lost mutation: You are dopey. (Int -2) [potion of mutation]
 40701 | D:10     | Gained mutation: You possess an exceptional clarity of
                  | mind. [potion of mutation]
 40701 | D:10     | Gained mutation: You are agile. (Dex +2) [potion of
                  | mutation]
 40701 | D:10     | Gained mutation: You have supernaturally acute eyesight.
                  | (SInv) [potion of mutation]
 41048 | Vaults:1 | Entered Level 1 of the Vaults
 41053 | Vaults:1 | Found Erilor's Antique Armour Boutique.
 43281 | Vaults:1 | You are sucked into a shaft!
 43789 | Vaults:1 | Reached XP level 20. HP: 113/124 MP: 34/34
 44214 | Vaults:2 | Found Isitaorr's Food Boutique.
 44502 | Vaults:2 | Reached skill level 15 in Conjurations
 44645 | Vaults:2 | Found a runed translucent gate.
 44645 | Vaults:2 | Found a runed translucent gate.
 44645 | Vaults:2 | Found a runed translucent gate.
 44649 | Vaults:2 | Noticed hyperkahler's ghost (veteran MiFi)
 45015 | Vaults:2 | Reached skill level 15 in Earth Magic
 47225 | Vaults:3 | Reached XP level 21. HP: 99/130 MP: 25/35
 47372 | Vaults:3 | Found a staircase to the Crypt.
 47436 | Vaults:3 | Reached skill level 14 in Fighting
 48022 | Vaults:3 | Reached skill level 15 in Fighting
 48672 | Vaults:4 | Reached skill level 10 in Dodging
 49443 | Vaults:4 | Learned a level 3 spell: Regeneration
 49659 | Vaults:4 | Reached skill level 1 in Charms
 49667 | Vaults:4 | Reached skill level 1 in Necromancy
 50823 | Depths:1 | Entered Level 1 of the Depths
 51022 | Depths:1 | Noticed Sojobo
 51033 | Depths:1 | Killed Sojobo
 51243 | Depths:1 | Found a gateway to a ziggurat.
 51320 | Depths:1 | Reached XP level 22. HP: 140/140 MP: 15/36
 51883 | Depths:1 | Found a gateway to Hell.
 51986 | Depths:1 | Reached skill level 5 in Charms
 51989 | Depths:1 | Found a one-way gate to the infinite horrors of the Abyss.
 52132 | Depths:1 | Found a one-way gate leading to the halls of Pandemonium.
 52363 | Depths:2 | Reached skill level 5 in Necromancy
 53373 | Depths:2 | Identified the cursed +0 short sword "Beetleslayer"
                  | {freeze, rC++ SInv}
 53373 | Depths:2 | Identified the ring "Wacsud" {Fire Dex+7}
 53392 | Depths:2 | Identified the +1 faerie dragon scales {rPois rCorr Int+5
                  | Dex-3 Stlth+}
 53392 | Depths:2 | Noticed the Enchantress
 53544 | Depths:2 | Killed the Enchantress
 53621 | Depths:2 | Identified the Incunabulum of Confrontation and Earth
 53640 | Depths:2 | Identified the +1 short sword of Discomfort {freeze, rC-
                  | rN+ Dex+7}
 54138 | Depths:2 | Found a bloodstained altar of Trog.
 55234 | Depths:3 | Found the +7 Kryia's mail coat {PotionHeal*2 rC+}
 55362 | Depths:3 | Reached XP level 23. HP: 71/145 MP: 15/37
 55516 | Depths:3 | Noticed a golden dragon
 55566 | Depths:3 | Killed a golden dragon
 56046 | Depths:3 | Noticed a golden dragon
 56053 | Depths:3 | Killed a golden dragon
 56088 | Depths:3 | Reached skill level 10 in Charms
 56236 | Depths:3 | Noticed a golden dragon
 56458 | Depths:3 | Killed a golden dragon
 56565 | Depths:3 | Identified the +0 whip of the First Orbs {flame, Str+3}
 56730 | Depths:3 | Reached skill level 10 in Necromancy
 57115 | Depths:3 | Reached skill level 16 in Fighting
 57311 | Depths:3 | Learned a level 5 spell: Bolt of Draining
 57918 | Depths:4 | Found Biufir's Armour Emporium.
 57957 | Depths:4 | Found a flickering gateway to a bazaar.
 57966 | Bazaar   | Entered a bazaar
 57971 | Bazaar   | Found Saati's Jewellery Boutique.
 57994 | Bazaar   | Found Sahureacs's Antique Armour Shoppe.
 58012 | Bazaar   | Found Tinirode's Book Boutique.
 58029 | Bazaar   | Found Zoydofir's Antique Weapon Emporium.
 58097 | Depths:4 | Reached skill level 1 in Armour
 58386 | Depths:4 | Noticed a golden dragon
 58387 | Depths:4 | Noticed a caustic shrike
 58388 | Depths:4 | Noticed a caustic shrike
 58416 | Depths:4 | Noticed a golden dragon
 58437 | Depths:4 | Noticed a caustic shrike
 59173 | Depths:5 | Entered Level 5 of the Depths
 59173 | Depths:5 | Noticed Frederick
 59379 | Depths:5 | Noticed a golden dragon
 59380 | Depths:5 | Noticed a caustic shrike
 59392 | Depths:5 | Killed a caustic shrike
 59440 | Depths:5 | Noticed a caustic shrike
 59442 | Depths:5 | Noticed a caustic shrike
 59444 | Depths:5 | Noticed a caustic shrike
 59447 | Depths:5 | Killed a caustic shrike
 59448 | Depths:5 | Noticed a caustic shrike
 59448 | Depths:5 | Killed a caustic shrike
 59448 | Depths:5 | Reached XP level 24. HP: 70/152 MP: 11/38
 59449 | Depths:5 | Killed a caustic shrike
 59454 | Depths:5 | Killed a caustic shrike
 59491 | Depths:5 | Noticed a caustic shrike
 59629 | Depths:5 | Noticed a caustic shrike
 59629 | Depths:5 | Noticed a caustic shrike
 59630 | Depths:5 | Noticed a caustic shrike
 59631 | Depths:5 | Noticed a caustic shrike
 59637 | Depths:5 | Killed a caustic shrike
 59641 | Depths:5 | Killed a caustic shrike
 59648 | Depths:5 | Killed a caustic shrike
 59650 | Depths:5 | Killed a caustic shrike
 59651 | Depths:5 | Killed a caustic shrike
 59922 | Depths:5 | Noticed Jory
 59949 | Depths:5 | Killed Jory
 60591 | Depths:5 | Killed Frederick
 60966 | Depths:5 | Reached skill level 15 in Spellcasting
 61220 | Depths:5 | Found a gate to the Realm of Zot.
 62293 | Vaults:5 | Entered Level 5 of the Vaults
 62643 | Orc:2    | Bought a book of Cantrips for 240 gold pieces
 62645 | Orc:2    | Learned a level 1 spell: Apportation
 63285 | Orc:2    | Bought a book of Air for 420 gold pieces
 63288 | Orc:2    | Learned a level 2 spell: Swiftness
 63294 | Orc:2    | Bought a ration for 55 gold pieces
 63294 | Orc:2    | Bought a ration for 55 gold pieces
 63294 | Orc:2    | Bought a ration for 55 gold pieces
 63294 | Orc:2    | Bought a ration for 55 gold pieces
 64129 | Vaults:5 | Reached skill level 5 in Air Magic
 64175 | Vaults:5 | Reached XP level 25. HP: 83/158 MP: 18/42
 64190 | Vaults:5 | Noticed an ancient lich
 64203 | Vaults:5 | Identified the +1 leather armour "Arae" {rElec rN+}
 64220 | Vaults:5 | Got a silver rune of Zot
 64743 | Zot:1    | Entered Level 1 of the Realm of Zot
 65411 | Zot:3    | Reached skill level 17 in Fighting
 65508 | Zot:3    | Found a transporter.
 65508 | Zot:3    | Noticed Cyqimiab's ghost (legendary MfGl)
 65574 | Zot:5    | Entered Level 5 of the Realm of Zot
 67284 | Zot:5    | Reached skill level 18 in Fighting
 67305 | Zot:5    | Noticed an ancient lich
 67492 | Zot:5    | Noticed an orb of fire
 67495 | Zot:5    | Noticed an orb of fire
 67562 | Zot:5    | Noticed an orb of fire
 67570 | Zot:5    | Gained mutation: Your magical capacity is low. (-10% MP)
                  | [an orb of fire]
 67571 | Zot:5    | Gained mutation: You are frail. (-10% HP) [an orb of fire]
 67571 | Zot:5    | Gained mutation: Your body sometimes deteriorates upon
                  | taking damage. [an orb of fire]
 67576 | Zot:5    | Noticed an orb of fire
 67577 | Zot:5    | Killed an orb of fire
 67579 | Zot:5    | Killed an orb of fire
 67585 | Zot:5    | Killed an orb of fire
 67700 | Zot:5    | Killed an ancient lich
 67704 | Zot:5    | Noticed an ancient lich
 67704 | Zot:5    | Noticed an orb of fire
 67712 | Zot:5    | Noticed an orb of fire
 67723 | Zot:5    | Gained mutation: Your body often deteriorates upon taking
                  | damage. [an orb of fire]
 67903 | Zot:5    | Got an encrusted helmet
 67914 | Zot:5    | Identified the +2 helmet of Dramatic Exits {rElec rC++ MR-
                  | SInv} (You acquired it on level 5 of the Realm of Zot)
 67926 | Zot:5    | Got a steaming cloak
 67937 | Zot:5    | Identified the +1 cloak "Xucwar" {+Fly} (You acquired it on
                  | level 5 of the Realm of Zot)
 68347 | D:14     | Killed Grendash's ghost
 68365 | D:14     | Got a polished cloak
 68376 | D:14     | Identified the +2 cloak of Yesterday {Str+3 Slay+2} (You
                  | found it on level 14 of the Dungeon)
 68387 | D:14     | Identified the Guide on Virous Lightness
 68935 | Zot:5    | Reached XP level 26. HP: 130/153 MP: 31/38
 68943 | Zot:5    | Gained mutation: Your magical capacity is very low. (-20%
                  | MP) [an orb of fire]
 68961 | Zot:5    | Killed an orb of fire
 69463 | Zot:5    | Lost mutation: Your body often deteriorates upon taking
                  | damage. [potion of mutation]
 69463 | Zot:5    | Lost mutation: Your magical capacity is very low. (-20% MP)
                  | [potion of mutation]
 69463 | Zot:5    | Lost mutation: Your body sometimes deteriorates upon taking
                  | damage. [potion of mutation]
 69463 | Zot:5    | Lost mutation: Your magical capacity is low. (-10% MP)
                  | [potion of mutation]
 69463 | Zot:5    | Gained mutation: You are very frail. (-20% HP) [potion of
                  | mutation]
 69463 | Zot:5    | Gained mutation: Your spells are a little harder to cast,
                  | but a little more powerful. [potion of mutation]
 69463 | Zot:5    | Gained mutation: Your flesh is cold resistant. (rC+)
                  | [potion of mutation]
 69464 | Zot:5    | Lost mutation: You are agile. (Dex +2) [potion of mutation]
 69464 | Zot:5    | Lost mutation: You possess an exceptional clarity of mind.
                  | [potion of mutation]
 69464 | Zot:5    | Gained mutation: You are partially covered in icy blue
                  | scales. (AC +2) [potion of mutation]
 69464 | Zot:5    | Gained mutation: Your body sometimes deteriorates upon
                  | taking damage. [potion of mutation]
 69464 | Zot:5    | Gained mutation: Your natural rate of healing is unusually
                  | fast. [potion of mutation]
 69465 | Zot:5    | Lost mutation: Your body sometimes deteriorates upon taking
                  | damage. [potion of mutation]
 69465 | Zot:5    | Lost mutation: You are very frail. (-20% HP) [potion of
                  | mutation]
 69465 | Zot:5    | Lost mutation: You are partially covered in icy blue
                  | scales. (AC +2) [potion of mutation]
 69465 | Zot:5    | Gained mutation: You have a pair of small horns on your
                  | head. [potion of mutation]
 69465 | Zot:5    | Gained mutation: You possess an exceptional clarity of
                  | mind. [potion of mutation]
 69465 | Zot:5    | Gained mutation: You have a beak for a mouth. [potion of
                  | mutation]
 69510 | Zot:5    | Gained mutation: You are occasionally teleported next to
                  | monsters. [an orb of fire]
 69513 | Zot:5    | Killed an orb of fire
 69513 | Zot:5    | Reached skill level 19 in Fighting
 69517 | Zot:5    | Lost mutation: You possess an exceptional clarity of mind.
                  | [potion of mutation]
 69517 | Zot:5    | Lost mutation: You have a pair of small horns on your head.
                  | [potion of mutation]
 69517 | Zot:5    | Lost mutation: You have supernaturally acute eyesight.
                  | (SInv) [potion of mutation]
 69517 | Zot:5    | Gained mutation: Your muscles are strong. (Str +2) [potion
                  | of mutation]
 69517 | Zot:5    | Gained mutation: You passively map a small area around you.
                  | [potion of mutation]
 69517 | Zot:5    | Gained mutation: You have a pair of small antennae on your
                  | head. [potion of mutation]
 69518 | Zot:5    | Lost mutation: Your flesh is cold resistant. (rC+) [potion
                  | of mutation]
 69518 | Zot:5    | Lost mutation: You are occasionally teleported next to
                  | monsters. [potion of mutation]
 69518 | Zot:5    | Lost mutation: You are frail. (-10% HP) [potion of
                  | mutation]
 69518 | Zot:5    | Gained mutation: Your movements are slightly less
                  | encumbered by armour. (ER -2) [potion of mutation]
 69518 | Zot:5    | Gained mutation: You are clumsy. (Dex -2) [potion of
                  | mutation]
 69518 | Zot:5    | Gained mutation: You are partially covered in molten
                  | scales. (AC +2) [potion of mutation]
 69590 | Zot:5    | Reached skill level 1 in Evocations
 69673 | Zot:5    | Noticed an orb of fire
 69678 | Zot:5    | Killed an orb of fire
 69681 | Zot:5    | Noticed an orb of fire
 69683 | Zot:5    | Gained mutation: Scrolls take you a little longer to read.
                  | [an orb of fire]
 69693 | Zot:5    | Gained mutation: Your body sometimes deteriorates upon
                  | taking damage. [an orb of fire]
 69698 | Zot:5    | Killed an orb of fire
 69797 | Zot:5    | Noticed an ancient lich
 69803 | Zot:5    | Killed an ancient lich
 69803 | Zot:5    | Reached skill level 5 in Evocations
 69834 | Zot:5    | Noticed an ancient lich
 69837 | Zot:5    | Killed an ancient lich
 70188 | Zot:5    | Noticed an orb of fire
 70197 | Zot:5    | Lost mutation: Your spells are a little harder to cast, but
                  | a little more powerful. [an orb of fire]
 70229 | Zot:5    | Gained mutation: Your spells are a little easier to cast,
                  | but a little less powerful. [an orb of fire]
 70230 | Zot:5    | Gained mutation: You are robust. (+10% HP) [an orb of fire]
 70235 | Zot:5    | Killed an orb of fire
 70516 | Zot:5    | Gained mutation: You are occasionally teleported next to
                  | monsters. [an orb of fire]
 70563 | Zot:5    | Killed an ancient lich
 70712 | Zot:5    | Killed an orb of fire
 70844 | Zot:5    | Noticed an orb of fire
 70844 | Zot:5    | Noticed a Killer Klown
 70845 | Zot:5    | Lost mutation: Your natural rate of healing is unusually
                  | fast. [an orb of fire]
 70846 | Zot:5    | Noticed a Killer Klown
 70863 | Zot:5    | Killed an orb of fire
 70878 | Zot:5    | Noticed an orb of fire
 71123 | Zot:5    | Reached skill level 20 in Fighting
 71230 | Zot:5    | Got the Orb of Zot
 71288 | Zot:5    | HP: 6/191 [Brimstone Fiend/damnation (41)]
 71289 | Zot:5    | Killed from afar by a Brimstone Fiend

Skill      XL: |  1  2  3  4  5  6  7  8  9 10 11 12 13 14 15 16 17 18 19 20 21 22 23 24 25 26 |
---------------+-------------------------------------------------------------------------------+-----
Earth Magic    | 4 5 7 9 11 14 16 17 19 | 19.1
Fighting       | 1 2 3 4 6 10 11 12 13 15 16 18 20 | 20.1
Conjurations   | 2 4 7 11 12 14 15 16 | 16.5
Spellcasting   | 3 4 5 8 10 11 15 | 15.3
Invocations    | 1 2 3 5 10 13 | 13.0
Transmutations | 2 |  2.1
Long Blades    | 3 7 9 12 14 | 14.0
Fire Magic     | 3 5 |  5.0
Dodging        | 3 7 8 10 | 10.6
Poison Magic   | 1 6 |  6.0
Air Magic      | 1 4 5 |  5.5
Shields        | 4 |  4.0
Translocations | 3 |  3.6
Stealth        | 5 6 |  6.3
Hexes          | 10 | 10.7
Charms         | 3 9 10 | 10.8
Necromancy     | 3 8 10 | 10.0
Armour         | 4 |  4.0
Evocations     | 9 |  9.5

Action                   |  1- 3 |  4- 6 |  7- 9 | 10-12 | 13-15 | 16-18 | 19-21 | 22-24 | 25-27 || total
-------------------------+-------+-------+-------+-------+-------+-------+-------+-------+-------++-------
Melee: Dagger            |   100 |   122 |    79 |       |       |     9 |       |       |       ||   310
       Long sword        |       |       |   261 |  1011 |  1090 |       |       |       |       ||  2362
       Scimitar          |       |       |       |       |   731 |  1782 |  1581 |  1675 |       ||  5769
       Rapier            |       |       |       |       |       |       |       |    14 |       ||    14
       Demon blade       |       |       |       |       |       |       |       |    78 |   585 ||   663
       Peck              |       |       |       |       |       |       |       |       |    44 ||    44
Throw: Stone             |       |       |       |       |     1 |       |     1 |       |     7 ||     9
 Cast: Sandblast         |    29 |    61 |    43 |    12 |    16 |    85 |    97 |    86 |     5 ||   434
       Stone Arrow       |       |     4 |    17 |     5 |    27 |    35 |    83 |    71 |     8 ||   250
       Passwall          |       |     1 |       |       |     1 |       |       |     6 |     5 ||    13
       Lee's Rapid Decon |       |       |       |    15 |    50 |    57 |   141 |   126 |    16 ||   405
       Conjure Flame     |       |       |       |     1 |       |       |       |       |       ||     1
       Mephitic Cloud    |       |       |       |       |     5 |     4 |    10 |    16 |     6 ||    41
       Iron Shot         |       |       |       |       |       |    12 |    27 |    72 |   102 ||   213
       Invisibility      |       |       |       |       |       |     9 |     9 |     7 |     1 ||    26
       Passage of Golubr |       |       |       |       |       |     1 |     4 |       |       ||     5
       Regeneration      |       |       |       |       |       |       |     1 |    64 |    59 ||   124
       Swiftness         |       |       |       |       |       |       |       |       |     3 ||     3
       Apportation       |       |       |       |       |       |       |       |       |     1 ||     1
Invok: Shadow Step       |       |       |       |     1 |       |     1 |     4 |       |    12 ||    18
       Shadow Form       |       |       |       |       |       |     1 |     1 |       |     1 ||     3
 Abil: Fly               |       |       |       |       |       |     1 |       |     2 |       ||     3
       End Transformatio |       |       |       |       |       |     1 |     1 |       |     1 ||     3
       Stop Flying       |       |       |       |       |       |       |     1 |     2 |       ||     3
       Evoke Berserk Rag |       |       |       |       |       |       |       |       |     4 ||     4
  Use: Scroll            |       |       |    10 |     4 |    15 |    15 |    11 |    13 |    20 ||    88
       Potion            |       |       |       |       |       |     7 |     2 |     8 |    40 ||    57
 Stab: Sleeping          |     3 |     4 |     2 |     7 |    15 |    17 |    17 |     8 |     9 ||    82
       Distracted        |       |     1 |       |     1 |     2 |     4 |     5 |       |     1 ||    14
       Confused          |       |       |       |       |     1 |     3 |     7 |       |     3 ||    14
       Invisible         |       |       |       |       |       |     3 |       |     4 |     1 ||     8
  Eat: Chunk             |     2 |     8 |     9 |    22 |    29 |     9 |    35 |    13 |     2 ||   129
       Ration            |       |       |     2 |     2 |     8 |    16 |    10 |    17 |     8 ||    63
Armor: Robe              |    28 |    58 |   130 |   340 |   491 |   897 |   488 |   199 |       ||  2631
       Leather armour    |       |       |    15 |       |       |       |       |       |       ||    15
       Acid dragon scale |       |       |       |       |       |       |       |   438 |   329 ||   767
Dodge: Dodged            |    50 |    97 |   243 |   526 |   976 |  1350 |   942 |   823 |   264 ||  5271
Block: Other             |       |       |     9 |   193 |   190 |       |       |       |       ||   392
       Reflection        |       |       |       |     1 |    21 |    14 |    81 |    40 |     4 ||   161
       Buckler           |       |       |       |       |   453 |  1185 |   856 |   756 |   190 ||  3440
       Rpst.: Long sword |       |       |    63 |   139 |   204 |       |       |       |       ||   406
       Scimitar          |       |       |       |       |    85 |   222 |   180 |   138 |       ||   625
       Demon blade       |       |       |       |       |       |       |       |     5 |    46 ||    51
